 Dungeon Crawl Stone Soup version 0.30.0-20-g3615ddf2f0 (webtiles) character file.

Game seed: 9665778070287507261

100 qw the Shield-Bearer (level 4, 0/28 HPs)
             Began as a Gargoyle Fighter on June 1, 2023.
             Slain by a cerulean imp
             ... wielding a +1 spear
             ... summoned by Natasha
              (4 damage)
             ... on level 2 of the Dungeon.
             The game lasted 00:00:40 (1432 turns).

qw the Shield-Bearer (Gargoyle Fighter)             Turns: 1432, Time: 00:00:40

Health: 0/28       AC: 16    Str: 21    XL:     4   Next: 73%
Magic:  4/4        EV:  5    Int:  9    God:
Gold:   105        SH: 12    Dex:  9    Spells: 3/3 levels left

rFire   . . .        Y - +0 war axe
rCold   . . .        m - +0 tower shield
rNeg    + . .        e - +0 chain mail
rPois   inf          (no helmet)
rElec   +            g - +1 cloak
rCorr   .            (no gloves)
SInv    .            h - +0 pair of boots
Will    .....        (no amulet) Stlth
                     (no ring)
HPRegen 0.24/turn    (no ring)
MPRegen 0.09/turn

%: no passive effects
@: no status effects
A: sickness immunity, AC +3, negative energy resistance 1, electricity
resistance, torment resistance 1, petrification resistance
a: no special abilities


You were on level 2 of the Dungeon.
You visited 1 branch of the dungeon, and saw 2 of its levels.

You collected 105 gold pieces.


Innate Abilities, Weirdness & Mutations

You are immune to sickness and miasma.
Your stone body is resilient. (AC +3)
You are immune to poison.
You resist negative energy. (rN+)
You are resistant to electric shocks. (rElec)
You are resistant to unholy torment.
You are immune to petrification.


   Skills:
 - Level 3.2 Fighting
 - Level 3.0 Axes
 - Level 3.2 Armour
 + Level 5.0 Shields


You had 3 spell levels left.
You didn't know any spells.
Your spell library was empty.

Inventory:

Hand Weapons
 l - a +0 whip
 Y - a +0 war axe (weapon)
Missiles
 j - 2 boomerangs (quivered)
Armour
 e - a +0 chain mail (worn)
 g - a +1 cloak (worn)
 h - a +0 pair of boots (worn)
 m - a +0 tower shield (worn)
Scrolls
 b - a scroll of identify
 c - a scroll of fog {unknown}
 f - a scroll of enchant weapon {unknown}
Potions
 a - a potion of resistance {unknown}
 d - a potion of might
 i - 3 potions of curing

Dungeon Overview and Level Annotations

Branches:
Dungeon (2/15)

Altars:
Kikubaaqudgha

Annotations:
D:2 Natasha


Message History

The cerulean imp hits you but does no damage.
You block Natasha's attack. Natasha claws you but does no damage.
The cerulean imp hits you but does no damage.
You closely miss Natasha.
Natasha is heavily wounded.
Natasha casts a spell.
The cerulean imp hits you but does no damage.
You block the cerulean imp's attack. Natasha claws you.
You miss Natasha.
Natasha is moderately wounded.
You block the cerulean imp's attack. Natasha claws you but does no damage.
The cerulean imp hits you from afar with a +1 spear.
Natasha claws you but does no damage.
The cerulean imp hits you but does no damage.
You block the cerulean imp's attack. Natasha claws you.
The cerulean imp hits you but does no damage.
You hit Natasha.
Natasha is severely wounded.
You block the cerulean imp's attack.
The cerulean imp hits you from afar with a +2 spear.
Natasha drinks a potion.
Natasha is healed!
The cerulean imp hits you but does no damage. x2
Natasha claws you but does no damage.
The cerulean imp hits you from afar with a +1 spear.
You hit Natasha.
Natasha is heavily wounded.
The cerulean imp hits you but does no damage.
Natasha claws you. You block the cerulean imp's attack.
The cerulean imp hits you but does no damage.
You block Natasha's attack.
The cerulean imp hits you from afar with a +1 spear.
Natasha claws you!
The cerulean imp hits you from afar with a +2 spear.
You hit Natasha but do no damage.
Natasha is heavily wounded.
You feel yourself speed up.
The cerulean imp disappears in a puff of smoke!
You block the cerulean imp's attack. You block Natasha's attack.
The cerulean imp hits you from afar with a +1 spear.
You die...

##......#.............)...#.#
....#..###########.########.#
#####..# ..... #....# #..#
###.#.# #.#### #..# ..#.# #.#
##### # #.# #5ยค #.# #h# #.#
#@# #.# #.#######.#
#.......%.# ###########


You could see Natasha and a cerulean imp (summoned).

Vanquished Creatures
  Natasha (twice) (D:2)
  2 adders (D:2)
  A worm (D:2)
  A bat (D:1)
  A giant cockroach (D:2)
  A goblin (D:2)
  6 hobgoblins
  2 jackals (D:1)
  4 kobolds
  2 quokkas
  3 ball pythons
  2 frilled lizards
  2 rats (D:1)
29 creatures vanquished.

Notes
Turn   | Place    | Note
-------+----------+-------------------------------------------
     0 | D:1      | qw the Gargoyle Fighter began the quest for the Orb.
     0 | D:1      | Reached XP level 1. HP: 14/14 MP: 1/1
     0 | D:1      | 0 ||| qw: Version: 0.2-a-102-gfc559e5
     0 | D:1      | 0 ||| qw: Game counter: 628
     0 | D:1      | 0 ||| qw: Always use a shield: true
     0 | D:1      | 0 ||| qw: God list: Okawaru
     0 | D:1      | 0 ||| qw: Allow faded altars: false
     0 | D:1      | 0 ||| qw: Do Orc after D:15 true
     0 | D:1      | 0 ||| qw: Do second Lair branch before Depths: true
     0 | D:1      | 0 ||| qw: Lair rune preference: random
     0 | D:1      | 0 ||| qw: Plans: Normal, Zot:1-4, Slime:5, God:TSO, Crypt,
                  | Tomb, Pan, Hells, Abyss, Win
     0 | D:1      | 0 ||| PLANNING D:1-11
    94 | D:1      | 94 ||| Stepping ~*~*~tactically~*~*~ (stealth).
   203 | D:1      | 203 ||| Stepping ~*~*~tactically~*~*~ (stealth).
   209 | D:1      | 209 ||| Stepping ~*~*~tactically~*~*~ (stealth).
   219 | D:1      | Reached XP level 2. HP: 19/19 MP: 2/2
   599 | D:1      | Found a faded altar of an unknown god.
   607 | D:1      | 607 ||| UPGRADING to +0 chain mail.
   617 | D:1      | 617 ||| DROPPING +0 scale mail.
   618 | D:1      | 618 ||| UPGRADING to +0 cloak.
   623 | D:1      | 623 ||| UPGRADING to +1 cloak.
   633 | D:1      | 633 ||| DROPPING +0 cloak.
   634 | D:1      | 634 ||| UPGRADING to +0 pair of boots.
   639 | D:1      | 639 ||| UPGRADING to +0 tower shield.
   649 | D:1      | 649 ||| DROPPING +0 buckler.
   650 | D:1      | 650 ||| READING scroll labelled NUSTRO TOUCI.
   651 | D:1      | 651 ||| READING scroll labelled TEUNAZ TAOF.
   652 | D:1      | 652 ||| READING scroll labelled JYNLAN SIENY.
   705 | D:2      | 705 ||| Stepping ~*~*~tactically~*~*~ (hiding).
   807 | D:2      | 807 ||| Stepping ~*~*~tactically~*~*~ (stealth).
   808 | D:2      | 808 ||| Stepping ~*~*~tactically~*~*~ (stealth).
   950 | D:2      | Reached XP level 3. HP: 23/23 MP: 3/3
   959 | D:2      | Found an ancient bone altar of Kikubaaqudgha.
   959 | D:2      | Noticed Natasha
   970 | D:2      | Killed Natasha
   971 | D:2      | Reached skill level 4 in Shields
   995 | D:2      | 995 ||| Stepping ~*~*~tactically~*~*~ (hiding).
  1002 | D:2      | Reached XP level 4. HP: 28/28 MP: 4/4
  1234 | D:2      | Noticed Natasha
  1244 | D:2      | Killed Natasha
  1245 | D:2      | Reached skill level 5 in Shields
  1397 | D:2      | Reached skill level 3 in Axes
  1417 | D:2      | Noticed Natasha
  1418 | D:2      | 1418 ||| Stepping ~*~*~tactically~*~*~ (stealth).
  1431 | D:2      | HP: 4/28 [Natasha (7)]
  1432 | D:2      | Slain by a cerulean imp

Levels and vault maps discovered:
D:1:      ncdulo_smallfort, layout_basic, ebering_ecumenical_altar_sacrificial,
          minmay_door_square
D:2:      layout_basic, basic_altar, minmay_tripent, uniq_natasha

Skill      XL: |  1  2  3  4 |
---------------+-------------+-----
Axes           | 2 3 |  3.0
Shields        | 4 5 |  5.0
Fighting       | |  3.2
Armour         | |  3.2

Action                     |  1- 3 |  4- 6 || total
---------------------------+-------+-------++-------
  Melee: War axe           |    70 |    36 ||   106
  Throw: Boomerang         |       |     1 ||     1
    Use: Scroll            |     3 |       ||     3
 Armour: Scale mail        |    22 |       ||    22
         Chain mail        |    23 |    27 ||    50
  Dodge: Dodged            |    12 |     7 ||    19
  Block: Buckler           |     5 |       ||     5
         Tower shield      |    29 |    37 ||    66

Table legend:
 A = Non-vault XP
 B = Vault XP
 C = Vault XP percentage of total XP
 D = Non-vault monster count
 E = Vault monster count
 F = Vault count percentage of total count
                 A         B        C        D         E       F
            +---------+---------+-------+---------+---------+-------
      Total |     104 |      39 |  27.3 |      26 |       3 |  10.3
            +---------+---------+-------+---------+---------+-------
        D:1 |      23 |       0 |   0.0 |      14 |       0 |   0.0
        D:2 |      81 |      39 |  32.5 |      12 |       3 |  20.0
            +---------+---------+-------+---------+---------+-------
